 Dungeon Crawl Stone Soup version 0.26-a0-597-gb535b0901c (webtiles) character file.

Game seed: 17425816003941149252

4760 WanderingOwl the Magician (level 10, 0/74 HPs)
             Began as a Purple Draconian Venom Mage on Sept 1, 2020.
             Was a Follower of Dithmenos.
             Slain by Urug
             ... wielding a +5 broad axe
              (33 damage)
             ... on level 10 of the Dungeon.
             The game lasted 01:10:35 (10724 turns).

WanderingOwl the Magician (DrVM)                   Turns: 10724, Time: 01:10:35

Health: 0/74       AC:  9    Str: 12    XL:     10   Next: 23%
Magic:  1/21       EV: 14    Int: 17    God:    Dithmenos [*.....]
Gold:   415        SH:  0    Dex: 18    Spells: 10/24 levels left

rFire    + . .     SeeInvis .   K - +3 falchion (freeze)
rCold    x . .     Faith    .   (no shield)
rNeg     . . .     Spirit   .   (armour unavailable)
rPois    .         Reflect  .   g - +1 hat
rElec    .         Harm     .   O - scarf {+Inv}
rCorr    .                      F - +0 pair of gloves
MR       +....                  (no boots)
Stlth    +++.......             h - amulet of the acrobat
HPRegen  0.22/turn              f - +6 ring of dexterity
MPRegen  0.17/turn              u - ring of fire

@: wreathed by umbra
A: breathe power, unfitting armour, cold-blooded, AC +7
a: Breathe Dispelling Energy, Renounce Religion, Evoke Invisibility


You were on level 10 of the Dungeon.
You worshipped Dithmenos.
Dithmenos was aware of your devotion.
You visited 2 branches of the dungeon, and saw 11 of its levels.

You collected 415 gold pieces.

Inventory:

Hand Weapons
 c - a +0 whip
 l - a +1 vorpal mace
 A - a +1 short sword of flaming
 B - a +3 vorpal scimitar
 G - a +2 antimagic dagger
 J - a +3 battleaxe
 K - a +3 falchion of freezing (weapon)
 L - the +1 hand axe of Propriety {vorpal, Str+4 Int+2}
   (You found it on level 7 of the Dungeon)

   It inflicts extra damage upon your enemies.
   It affects your strength (+4).
   It affects your intelligence (+2).
Armour
 g - a +1 hat (worn)
 i - a +0 cloak
 j - a +0 ring mail
 F - a +0 pair of gloves (worn)
 O - a scarf of invisibility (worn)
Jewellery
 f - a +6 ring of dexterity (left hand)
 h - an amulet of the acrobat (around neck)
 u - a ring of fire (right hand)
 M - a +6 ring of strength {unknown}
 N - a +4 ring of protection {unknown}
Scrolls
 a - 6 scrolls of identify
 e - 2 scrolls of teleportation
 n - 2 scrolls of immolation {unknown}
 p - a scroll of blinking {unknown}
 r - 7 scrolls of remove curse
 w - 4 scrolls of noise {unknown}
 x - a scroll of vulnerability {unknown}
 y - 2 scrolls of fog {unknown}
 H - 2 scrolls of fear {unknown}
 I - 2 scrolls of amnesia {unknown}
 P - 2 scrolls of random uselessness {unknown}
Potions
 b - 4 potions of brilliance
 d - a potion of cancellation {unknown}
 k - a potion of mutation {unknown}
 m - 3 potions of stabbing {unknown}
 o - 2 potions of lignification
 q - a potion of berserk rage {unknown}
 s - 3 potions of flight {unknown}
 t - 2 potions of heal wounds {unknown}
 v - 2 potions of degeneration {unknown}
 z - 2 potions of resistance {unknown}
 C - a potion of might {unknown}
 D - 2 potions of haste {unknown}
 E - a potion of ambrosia {unknown}
 Q - a potion of curing {unknown}


   Skills:
 + Level 2.7 Fighting
 * Level 6.1(6.5) Short Blades
 + Level 3.2(5.1) Long Blades
 + Level 1.1 Maces & Flails
 + Level 3.5 Dodging
 + Level 3.3 Stealth
 + Level 7.7 Spellcasting
 + Level 3.8 Transmutations
 + Level 3.3 Fire Magic
 + Level 4.3 Air Magic
 + Level 7.7 Poison Magic


You had 10 spell levels left.
You knew the following spells:

 Your Spells              Type           Power        Failure   Level
a - Sting                 Tmut/Pois      ####         1%          1
b - Poisonous Vapours     Pois/Air       ####..       1%          2
c - Ignite Poison         Fire/Tmut/Pois #####...     4%          3
d - Vampiric Draining     Necr           #.........   32%         3
e - Olgreb's Toxic Radia  Pois           ####....     4%          4
f - Pain                  Necr           #...         11%         1

Your spell library contained the following spells:

 Spells                   Type           Power        Failure   Level
 Beastly Appendage        Tmut           ###...       2%          1
 Wereblood                Tmut           ###.....     3%          2
 Spider Form              Tmut/Pois      ####......   3%          3
 Mephitic Cloud           Conj/Pois/Air  ###.....     6%          3
 Animate Skeleton         Necr           #.....       11%         1
 Ice Form                 Ice/Tmut       ##......     43%         4
 Blade Hands              Tmut           ###.......   52%         5
 Animate Dead             Necr           #.........   71%         4
 Agony                    Necr           #.......     96%         5


Dungeon Overview and Level Annotations

Branches:
Dungeon (10/15)            Temple (1/1) D:7
   Lair: D:8-11         Orc: D:9-12

Altars:
Ashenzari
Dithmenos
Elyvilon
Hepliaklqana
Nemelex Xobeh
Okawaru
Qazlal
Ru
Sif Muna
Trog
Uskayaw
Wu Jian
Xom
Yredelemnul
The Shining One

Annotations:
D:4 Menkaure
D:10 Urug


Innate Abilities, Weirdness & Mutations

You can breathe bolts of dispelling energy.
Your rich purple scales are hard. (AC +7)
You cannot fit into any form of body armour.
You are cold-blooded and may be slowed by cold attacks.


Message History

You closely miss Urug.
A death yak comes into view.
You barely miss Urug. You tail-slap Urug.
Urug is lightly wounded.
Urug hits you with a +5 broad axe!
Casting: Ignite Poison (dangerous; 4% risk of failure)
Confirm with . or Enter, or press ? or * to list all spells.
Aiming: Poisonous Vapours (safe; 1% risk of failure)
Press: ? - help, Dir - move target cursor, f - Urug
Aim: Urug, wielding a +5 broad axe, wearing a +0 chain mail, quivering 7 javelins and carrying a wand of paralysis (9) (lightly wounded, umbra) Poisonous vapours surround Urug!
Urug is engulfed in poison gas.
Urug is poisoned.
Urug closely misses you.
Your magical contamination has completely faded away.
Casting: Poisonous Vapours (safe; 1% risk of failure)
Confirm with . or Enter, or press ? or * to list all spells.
You don't have enough magic to cast that spell.
You hit Urug but do no damage.
Urug is lightly wounded.
Urug hits you with a +5 broad axe!!
You die...

.........' .........#
.........# Y........#
....Y....# #.......#
#....SY.# #o# ##@# #..#
######+##### #######'###
#........<.. ..........#
#........... ..........#
#........... ..........#
#........... ..........#
#...........
..........####...........
..........'.##...........


You could see a death yak, an elephant, Urug (poisoned) and an adder.

Vanquished Creatures
  A two-headed ogre (D:8)
  Pikel (D:6)
  Maggie (D:6)
  2 trolls
  A wyvern (D:9)
  Duvessa (D:6)
  A water moccasin (D:7)
  An orc warrior (D:8)
  A sky beast (D:7)
  2 phantoms
  A hornet zombie (D:8)
  3 centaurs
  3 ogres
  A crocodile (D:10)
  2 big kobolds
  2 bullfrogs
  Dowan (D:6)
  5 killer bees (D:8)
  5 wights
  3 howler monkeys
  A bullfrog zombie (D:6)
  A centaur zombie (D:7)
  A jelly (D:9)
  4 hounds
  An orc priest (D:7)
  A bullfrog skeleton (D:5)
  An iguana (D:4)
  3 orc wizards
  3 worker ants
  A hound skeleton (D:6)
  A howler monkey zombie (D:6)
  9 adders
  4 gnolls (D:8)
  A howler monkey skeleton (D:5)
  2 shadow imps
  3 white imps
  2 ufetubi
  An adder skeleton (D:8)
  3 worms (D:2)
  2 dart slugs
  6 leopard geckos
  18 orcs
  A ball python (D:6)
  4 giant cockroaches
  2 goblins
  2 hobgoblins (D:3)
  3 jackals (D:2)
  3 quokkas
  4 bats
  5 frilled lizards
  9 kobolds
  2 quokka skeletons
  2 quokka zombies
  5 rats
149 creatures vanquished.

Vanquished Creatures (others)
  A fungus (D:10)
  A plant (D:10)
2 creatures vanquished.

Grand Total: 151 creatures vanquished

Notes
Turn   | Place    | Note
-------+----------+-------------------------------------------
     0 | D:1      | WanderingOwl the Draconian Venom Mage began the quest for
                  | the Orb.
     0 | D:1      | Reached XP level 1. HP: 14/14 MP: 3/3
   690 | D:1      | Reached XP level 2. HP: 20/20 MP: 3/5
   849 | D:1      | Learned a level 2 spell: Poisonous Vapours
  1063 | D:2      | Reached XP level 3. HP: 26/26 MP: 1/6
  1325 | D:2      | Reached skill level 1 in Air Magic
  1391 | D:2      | Learned a level 3 spell: Ignite Poison
  1998 | D:3      | Reached XP level 4. HP: 27/33 MP: 4/7
  2224 | D:3      | Noticed a black bear
  2654 | D:4      | Noticed an ogre
  2710 | D:4      | Killed an ogre
  2710 | D:4      | Reached XP level 5. HP: 38/38 MP: 0/10
  2886 | D:4      | Reached skill level 1 in Fire Magic
  3043 | D:4      | Noticed Menkaure
  3053 | D:4      | You fall into a shaft and drop 1 floor!
  3053 | D:5      | Entered Level 5 of the Dungeon
  3762 | D:5      | Reached XP level 6. HP: 45/45 MP: 5/11
  4481 | D:6      | Noticed Duvessa
  4482 | D:6      | Noticed Dowan
  4484 | D:6      | Noticed Maggie
  4492 | D:6      | Killed Dowan
  4492 | D:6      | Reached skill level 1 in Maces & Flails
  4882 | D:6      | Reached skill level 1 in Short Blades
  4980 | D:6      | Killed Maggie
  4980 | D:6      | Reached skill level 5 in Poison Magic
  4980 | D:6      | Your scales start taking on a rich purple colour.
  4980 | D:6      | Reached skill level 5 in Spellcasting
  4980 | D:6      | Reached XP level 7. HP: 33/51 MP: 0/14
  5285 | D:6      | Noticed Pikel
  5296 | D:6      | Killed Pikel
  5296 | D:6      | Reached skill level 1 in Fighting
  5296 | D:6      | Reached XP level 8. HP: 40/59 MP: 3/16
  5355 | D:6      | Reached skill level 1 in Long Blades
  5544 | D:6      | Killed Duvessa
  6252 | D:7      | Found a staircase to the Ecumenical Temple.
  6268 | D:7      | Learned a level 3 spell: Vampiric Draining
  6273 | D:7      | Learned a level 4 spell: Olgreb's Toxic Radiance
  6275 | D:7      | Learned a level 1 spell: Pain
  6299 | Temple   | Entered the Ecumenical Temple
  6511 | Temple   | Became a worshipper of Dithmenos the Shadowed
  6772 | D:7      | Reached XP level 9. HP: 32/68 MP: 1/18
  7843 | D:7      | Got a fading hand axe
  7844 | D:7      | Identified the cursed +1 hand axe of Propriety {vorpal,
                  | Str+4 Int+2} (You found it on level 7 of the Dungeon)
  8615 | D:8      | Reached * piety under Dithmenos
  8740 | D:8      | Reached skill level 5 in Short Blades
  8876 | D:8      | Noticed a two-headed ogre
  8883 | D:8      | Killed a two-headed ogre
  9885 | D:8      | You fall into a shaft and drop 1 floor!
  9888 | D:9      | Noticed a troll
  9894 | D:9      | Killed a troll
  9894 | D:9      | Reached XP level 10. HP: 74/74 MP: 11/21
 10390 | D:9      | Noticed a gargoyle
 10413 | D:10     | Entered Level 10 of the Dungeon
 10712 | D:10     | Noticed an elephant
 10716 | D:10     | Noticed Urug
 10721 | D:10     | Noticed a death yak
 10724 | D:10     | Slain by Urug

Illustrated notes

Levels and vault maps discovered:
D:1:      erik_arrival_triangle_medium, layout_loops_cross, minivault_11,
          roderic_filled_cross
D:2:      layout_rooms
D:3:      layout_loops_cross
D:4:      layout_basic, vehumet_crystals, overflow_temple_1_default,
          kennysheep_minor_cross, chequers_arboretum, sigmund_edmund_badplayer,
          uniq_menkaure, uniq_ijyb
D:5:      layout_gridville
D:6:      layout_basic, uniq_sigmund, uniq_duvessa, uniq_maggie, uniq_pikel
D:7:      layout_cave_pods, minmay_temple_entry_offerings
D:8:      layout_basic
D:9:      layout_grid_maze, minitemple, uniq_grum
D:10:     layout_roguey, david_lair_generic,
          minmay_guarded_unrand_staff_of_olgreb, uniq_urug
Temple:   regret_index_temple_waves

Skill      XL: |  1  2  3  4  5  6  7  8  9 10 |
---------------+-------------------------------+-----
Air Magic      | 1 2 3 4 |  4.3
Dodging        | 2 3 |  3.5
Spellcasting   | 3 5 6 7 |  7.7
Poison Magic   | 4 5 6 7 |  7.7
Fire Magic     | 1 2 3 |  3.3
Stealth        | 2 3 |  3.3
Maces & Flails | 1 |  1.1
Short Blades   | 2 3 4 5 6 |  6.1
Transmutations | 2 3 |  3.8
Fighting       | 1 2 |  2.7
Long Blades    | 2 3 |  3.2

Action                   |  1- 3 |  4- 6 |  7- 9 | 10-12 || total
-------------------------+-------+-------+-------+-------++-------
Melee: Whip              |    22 |       |       |       ||    22
       Tailslap          |     4 |    11 |    21 |     9 ||    45
       Mace              |    22 |    33 |       |       ||    55
       Short sword       |       |    32 |       |       ||    32
       Scimitar          |       |       |    62 |       ||    62
       Falchion          |       |       |    38 |    45 ||    83
 Cast: Sting             |    17 |     5 |     5 |       ||    27
       Poisonous Vapours |    21 |    37 |    60 |    20 ||   138
       Ignite Poison     |     1 |    17 |    34 |    11 ||    63
  Use: Scroll            |       |     6 |     1 |       ||     7
 Stab: Sleeping          |       |       |     4 |       ||     4
       Distracted        |       |       |       |     1 ||     1
Armor: Skin              |    21 |    17 |    35 |     7 ||    80
Dodge: Dodged            |    39 |    59 |   120 |    30 ||   248
       Rpst.: Scimitar   |       |       |    19 |       ||    19
       Falchion          |       |       |    18 |     4 ||    22

Table legend: (Time is in decaauts)
 A = Elapsed time spent in this place.
 B = Non-inter-level travel time spent in this place.
 C = Inter-level travel time spent in this place.
 D = Time resting spent in this place.
 E = Time spent auto-exploring this place.
 F = Levels seen in this place.
 G = Mean time per level.
                   A        B        C        D        E       F      G
               +--------+--------+--------+--------+--------+-----+--------+
         Total |  10764 |  10764 |      0 |   2581 |   6226 |  11 |  978.5 |
       Dungeon |  10508 |  10508 |      0 |   2581 |   6226 |  10 | 1050.8 |
        Temple |    255 |    255 |      0 |      0 |      0 |   1 |  255.0 |
               +--------+--------+--------+--------+--------+-----+--------+

Top non-repeatable levels by time:
     D:7: 1958 daAuts
     D:8: 1657 daAuts
     D:6: 1552 daAuts
     D:5: 1437 daAuts
     D:1: 905 daAuts
     D:2: 898 daAuts
     D:4: 793 daAuts
     D:9: 528 daAuts
     D:3: 464 daAuts
    D:10: 312 daAuts
  Temple: 255 daAuts
